 Dungeon Crawl Stone Soup version 0.29-a0-341-g24ffce5b50 (webtiles) character file.

Game seed: 6511101968697516962

110 siradein the Skirmisher (level 4, -7/41 HPs)
             Began as a Minotaur Fighter on Apr 20, 2022.
             Mangled by a river rat (8 damage)
             ... in a sewer.
             The game lasted 00:02:50 (1614 turns).

siradein the Skirmisher (Minotaur Fighter)          Turns: 1614, Time: 00:02:50

Health: -7/41      AC: 10    Str: 23    XL:     4   Next: 61%
Magic:  3/3        EV:  7    Int:  5    God:
Gold:   69         SH:  4    Dex:  9    Spells: 3/3 levels left

rFire   . . .      SeeInvis .   a - +0 long sword
rCold   . . .      Faith    .   c - +0 buckler
rNeg    . . .      Spirit   .   r - +0 chain mail
rPois   +          Reflect  .   (helmet restricted)
rElec   .          Harm     .   (no cloak)
rCorr   .          Rampage  .   o - +0 pair of gloves
Will    .....                   (no boots)
Stlth   ..........              (no amulet)
HPRegen 0.13/turn               f - ring of poison resistance
MPRegen 0.08/turn               (no ring)

@: no status effects
A: horns 2, retaliatory headbutt
a: no special abilities


You were in a sewer.
You visited 1 branch of the dungeon, and saw 3 of its levels.
You also visited: Sewer.

You collected 69 gold pieces.

Inventory:

Hand Weapons
 a - a +0 long sword (weapon)
Armour
 c - a +0 buckler (worn)
 o - a +0 pair of gloves (worn)
 r - a +0 chain mail (worn)
Jewellery
 f - a ring of poison resistance (left hand)
Wands
 b - a wand of iceblast (13)
Scrolls
 g - 2 scrolls of identify {unknown}
 h - a scroll of fear {unknown}
 i - 2 scrolls of magic mapping {unknown}
 k - 3 scrolls of blinking {unknown}
 l - 4 scrolls of amnesia {unknown}
 n - a scroll of noise {unknown}
 p - a scroll of teleportation {unknown}
Potions
 d - 3 potions of might
 e - a potion of brilliance {unknown}
 j - 2 potions of mutation {unknown}
 m - a potion of attraction {unknown}
 q - a potion of lignification {unknown}


   Skills:
 + Level 4.6 Fighting
 + Level 3.5 Long Blades
 + Level 4.5 Armour
 + Level 4.5 Shields


You had 3 spell levels left.
You didn't know any spells.
Your spell library contained the following spells:

 Spells                   Type           Power      Damage    Failure   Level
 Animate Skeleton         Necr           0%         N/A       99%         1
 Apportation              Tloc           0%         N/A       99%         1
 Summon Small Mammal      Summ           0%         N/A       99%         1
 Tukima's Dance           Hex            0%         N/A       100%        3
 Passage of Golubria      Tloc           0%         N/A       100%        4
 Yara's Violent Unravell  Hex/Tmut       0%         3d3       100%        5


Dungeon Overview and Level Annotations

Branches:
Dungeon (3/15)              Sewer (1/1)

Altars:

Shops:
D:2 !


Innate Abilities, Weirdness & Mutations

You have a pair of horns on your head.
You reflexively headbutt those who attack you in melee.


Message History

You kill the giant cockroach!
The rat splashes around in the water.
The rat bites you but does no damage.
Things that are here:
a giant cockroach corpse; a quokka corpse The rat bites you.
* * * LOW HITPOINT WARNING * * *
The rat barely misses you.
The rat splashes around in the water.
You block the rat's attack.
You slash the rat!
You kill the rat!
You open the large door.
Found a glowing drain.
You start resting.
You hear the slow rusting of a drain.
There is a large open door here.
There is a glowing drain here.
The world spins around you as you enter the gateway.
You enter a sewer!
Found a gate leading back out of this place.
There is an empty arch of ancient stone here.
There is a gate leading back out of this place here.
The river rat bites you.
You closely miss the river rat. You headbutt the river rat!
The river rat is severely wounded.
The river rat barely misses you.
You closely miss the river rat.
The river rat is severely wounded.
The river rat bites you!
* * * LOW HITPOINT WARNING * * *
You block the river rat's attack.
You barely miss the river rat.
The river rat is severely wounded.
The river rat bites you.
* * * LOW HITPOINT WARNING * * *
You block the river rat's attack.
You hit the river rat.
The river rat is almost dead.
The river rat bites you!
You die...

#.#
#.#
#.#
#.#
#.#
#r#
#r#
#r#
#@#
#r#
#r#
#.#
#.#
#.#
###


You could see 4 river rats and a rat.

Vanquished Creatures
  Robin (D:3)
  A gnoll (D:1)
  2 adders
  A worm (D:3)
  3 dart slugs
  3 ball pythons (D:1)
  3 endoplasms (D:1)
  6 giant cockroaches
  11 goblins
  7 hobgoblins
  4 quokkas
  2 bats
  4 frilled lizards
  2 kobolds
  10 rats
60 creatures vanquished.

Notes
Turn   | Place    | Note
-------+----------+-------------------------------------------
     0 | D:1      | siradein the Minotaur Fighter began the quest for the Orb.
     0 | D:1      | Reached XP level 1. HP: 19/19 MP: 0/0
   255 | D:1      | Reached XP level 2. HP: 23/27 MP: 1/1
   461 | D:1      | Reached XP level 3. HP: 33/33 MP: 2/2
   588 | D:1      | Found a faded altar of an unknown god.
  1090 | D:2      | Found Nufe's Distillery.
  1447 | D:3      | Reached XP level 4. HP: 41/41 MP: 3/3
  1494 | D:3      | Noticed Robin
  1530 | D:3      | Killed Robin
  1596 | D:3      | Found a glowing drain.
  1608 | Sewer    | Entered a sewer
  1613 | Sewer    | HP: 1/41 [river rat (5)]
  1614 | Sewer    | Mangled by a river rat

Illustrated notes

Levels and vault maps discovered:
D:1:      lightli_arrival_statuegarden, layout_basic,
          hellmonk_ecumenical_altar_blasted, minivault_24
D:2:      layout_rooms, serial_shops, shop
D:3:      layout_loops_corners, gup_sewer_entry_bowl, minmay_cut_off,
          uniq_crazy_yiuf_cottage, uniq_robin
Sewer:    sewer_kobolds

Skill      XL: |  1  2 |
---------------+-------+-----
Fighting       | 4 |  4.6
Shields        | 4 |  4.5
Armour         | 4 |  4.5
Long Blades    | 3 |  3.5

Action                   |  1- 3 |  4- 6 || total
-------------------------+-------+-------++-------
Melee: Long sword        |    85 |    41 ||   126
       Headbutt          |    13 |     5 ||    18
Armor: Scale mail        |    44 |       ||    44
       Chain mail        |     2 |    26 ||    28
Dodge: Dodged            |    42 |    15 ||    57
Block: Buckler           |    21 |    10 ||    31

Table legend: (Time is in decaauts)
 A = Elapsed time spent in this place.
 B = Non-inter-level travel time spent in this place.
 C = Inter-level travel time spent in this place.
 D = Time resting spent in this place.
 E = Time spent auto-exploring this place.
 F = Levels seen in this place.
 G = Mean time per level.
                   A        B        C        D        E       F      G
               +--------+--------+--------+--------+--------+-----+--------+
         Total |   1653 |   1608 |     45 |      8 |   1128 |   4 |  413.2 |
       Dungeon |   1646 |   1601 |     45 |      8 |   1128 |   3 |  548.7 |
         Sewer |      6 |      6 |      0 |      0 |      0 |   1 |    6.0 |
               +--------+--------+--------+--------+--------+-----+--------+

Top non-repeatable levels by time:
     D:1: 841 daAuts
     D:2: 600 daAuts
     D:3: 204 daAuts
   Sewer: 6 daAuts
